 Dungeon Crawl Stone Soup version 0.17-a0-910-ga669010 (console) character file.

683 sose the Cutter (level 7, -2/34 HPs)
             Began as a Vine Stalker Assassin on May 2, 2015.
             Was a Believer of Makhleb.
             Slain by a sky beast (4 damage)
             ... on level 4 of the Dungeon.
             The game lasted 00:16:25 (4347 turns).

sose the Cutter (Vine Stalker Assassin)             Turns: 4347, Time: 00:16:25

Health: -2/34      AC:  4    Str: 13    XL:     7   Next: 61%
Magic:  0/9        EV: 11    Int: 13    God:    Makhleb [**....]
Gold:   170        SH:  0    Dex: 16    Spells: 2 memorised, 4 levels left

rFire  . . .     SeeInvis .     b - +0 blowgun
rCold  . . .     Clarity  .     c - +0 robe
rNeg   . . .     SustAb   .     (no shield)
rPois  .         Gourm    .     (no helmet)
rElec  .         Spirit   +     B - +0 cloak
rCorr  .         Warding  .     x - +0 pair of gloves (curse)
rMut   .         Stasis   .     (no boots)
MR     .....                    F - amulet of rage
Stlth  ++++......               o - ring of stealth
                                n - ring of wizardry

@: not resistant to hostile enchantments, stealthy
A: fangs 2, regeneration 2, magic shield, antimagic bite, no device heal 3, rot
immunity
a: Minor Destruction, Renounce Religion, Evoke Berserk Rage


You were on level 4 of the Dungeon.
You worshipped Makhleb.
Makhleb was pleased with you.
You were not hungry.

You visited 1 branch of the dungeon, and saw 5 of its levels.

You collected 170 gold pieces.

Inventory:

Hand weapons
 a - a +0 dagger of freezing
 b - a +0 blowgun (weapon)
Missiles
 e - 17 poisoned needles (quivered)
 I - 6 needles of paralysis
Armour
 c - a +0 robe (worn)
 d - a +0 cloak
 x - a cursed +0 pair of gloves (worn)
 B - a +0 cloak (worn)
Jewellery
 n - a ring of wizardry (left hand)
 o - a ring of stealth (right hand)
 F - an amulet of rage (around neck)
Magical devices
 w - a wand of random effects (31)
Scrolls
 k - 2 scrolls of random uselessness {unknown}
 l - 7 scrolls of identify {unknown}
 q - a scroll of fear {unknown}
 r - 3 scrolls of enchant armour {unknown}
 s - a scroll of enchant weapon {unknown}
 t - 2 scrolls of remove curse {unknown}
 u - a scroll of recharging {unknown}
 y - a scroll of magic mapping {unknown}
 C - a scroll of noise {unknown}
Potions
 h - a potion of haste {unknown}
 i - a potion of brilliance {unknown}
 j - 3 potions of flight {unknown}
 m - a potion of curing {unknown}
 p - a potion of agility {unknown}
 v - a potion of ambrosia {unknown}
 z - a potion of poison {unknown}
 A - a potion of cancellation {unknown}
 D - 2 potions of heal wounds {unknown}
 E - a potion of might {unknown}
Books
 G - a book of Minor Magic

   Spells                             Type                      Level
   a - Magic Dart                     Conjuration                  1
   b - Blink                          Translocation                2
   c - Call Imp                       Summoning                    2
   d - Repel Missiles                 Charms/Air                   2
   e - Slow                           Hexes                        2
   f - Conjure Flame                  Conjuration/Fire             3
   g - Mephitic Cloud                 Conjuration/Poison/Air       3
Comestibles
 g - 5 bread rations
 H - a meat ration


   Skills:
 - Level 1.7 Fighting
 - Level 7.0 Short Blades
 - Level 1.7 Throwing
 - Level 0.7 Dodging
 - Level 4.8 Stealth
 + Level 1.2 Spellcasting
 + Level 1.3 Translocations


You had 4 spell levels left.
You knew the following spells:

 Your Spells              Type           Power        Failure   Level  Hunger
a - Blink                 Tloc           N/A          10%         2    ###....
b - Repel Missiles        Chrm/Air       #.....       21%         2    ###....


Dungeon Overview and Level Annotations

Branches:
Dungeon (5/15)
 Temple: D:4-7

Altars:
Fedhas
Makhleb
Sif Muna
The Shining One


Innate Abilities, Weirdness & Mutations

You have extremely sharp teeth.
You heal very quickly.
When hurt, damage is shared between your health and your magic reserves.
Your bite disrupts and absorbs the magic of your enemies.
Potions and wands cannot restore your health.
You are immune to rotting.


Message History

Press: ? - help, Shift-Dir - straight line, f - you
Okay, then.
Unknown command.
Firing (i - inventory. (,) - cycle):
f - a curare-tipped needle (quivered)
Press: ? - help, Shift-Dir - straight line You shoot a curare-tipped needle.
Firing (i - inventory. (,) - cycle):
e - 18 poisoned needles (quivered)
Press: ? - help, Shift-Dir - straight line You shoot a poisoned needle.
A sky beast appears from thin air!
Reactivating autopickup.
The sky beast hits you.
* * * LOW HITPOINT WARNING * * *
The sky beast shocks you.
* * * LOW HITPOINT WARNING * * *
Casting: Repel Missiles
Confirm with . or Enter, or press ? or * to list all spells.
You blink.
The sky beast hits you.
* * * LOW HITPOINT WARNING * * *
The sky beast shocks you.
You die...

#.########.# #.# #.########
#.# #........# #.# #..#####.#
#.# ######..#####.#######
######.###...................#
..............>...#.##.####..#
.#####.###.####...#.##.# #..#
.# ###.###.## #.@......# #..#
.# #........# #Y#.#.####
#..####
.###.....(..###ยง#.#.##
#......
................#....###
##.####
..###..................# #.#
#.# #........####....#.#
#.#### #.###........# #.#.##.#
#..... #............# #.#.##.#
###### ###..#######.# #.#.##.#
#...


You could see a sky beast.

Vanquished Creatures
  2 ogres (D:4)
  A scorpion (D:4)
  A hound (D:3)
  2 orc wizards (D:4)
  2 orc priests (D:4)
  2 worker ants (D:4)
  2 iguanas (D:4)
  A hound zombie (D:3)
  4 gnolls (D:4)
  4 adders
  2 oozes
  5 worms
  A giant gecko (D:3)
  14 orcs
  4 giant cockroaches
  15 goblins
  11 hobgoblins
  10 kobolds
  A quokka (D:2)
  2 ball pythons
  10 bats
  4 giant newts
  5 jackals
  7 rats
112 creatures vanquished.

Notes
Turn   | Place    | Note
--------------------------------------------------------------
     0 | D:1      | sose, the Vine Stalker Assassin, began the quest for the Orb.
     0 | D:1      | Reached XP level 1. HP: 11/11 MP: 2/2
    43 | D:1      | Reached skill level 1 in Short Blades
    43 | D:1      | Reached XP level 2. HP: 9/15 MP: 3/3
   520 | D:1      | Reached XP level 3. HP: 18/18 MP: 4/4
  1851 | D:3      | Reached XP level 4. HP: 19/23 MP: 5/5
  2021 | D:3      | Found a glowing golden altar of the Shining One.
  2307 | D:3      | Reached XP level 5. HP: 10/26 MP: 6/6
  2376 | D:3      | Found a burning altar of Makhleb.
  2435 | D:3      | Became a worshipper of Makhleb the Destroyer
  2525 | D:3      | Found a deep blue altar of Sif Muna.
  3092 | D:4      | Reached skill level 5 in Short Blades
  3092 | D:4      | Gained mutation: You heal very quickly. [Vine Stalker growth]
  3092 | D:4      | Reached XP level 6. HP: 30/30 MP: 7/7
  3155 | D:4      | Acquired Makhleb's first power
  3198 | D:4      | Noticed an ogre
  3231 | D:4      | Killed an ogre
  3231 | D:4      | Reached skill level 6 in Short Blades
  3306 | D:4      | Reached XP level 7. HP: 34/34 MP: 8/8
  3899 | D:4      | Learned a level 2 spell: Blink
  3902 | D:4      | Learned a level 2 spell: Repel Missiles
  3977 | D:4      | Reached skill level 7 in Short Blades
  4026 | D:5      | Entered Level 5 of the Dungeon
  4046 | D:4      | Acquired Makhleb's second power
  4117 | D:5      | Found a blossoming altar of Fedhas.
  4196 | D:4      | Reached skill level 1 in Spellcasting
  4196 | D:4      | Reached skill level 1 in Translocations
  4347 | D:4      | Slain by a sky beast

Action                   |  1- 3 |  4- 6 |  7- 9 || total
-------------------------+-------+-------+-------++-------
Melee: Dagger            |   136 |   136 |    48 ||   320
 Fire: Blowgun           |    14 |    20 |    31 ||    65
 Cast: Blink             |       |       |     1 ||     1
       Repel Missiles    |       |       |     1 ||     1
 Stab: Sleeping          |     8 |    11 |     7 ||    26
       Distracted        |       |     2 |       ||     2
  Eat: Chunk             |     3 |     5 |     3 ||    11
